 Dungeon Crawl Stone Soup version 0.30-a0-972-gf3ab3527aa (webtiles) character file.

Game seed: 602408388576676669

6645 bearlyready the Cleaver (level 10, -2/118 HPs)
             Began as an Armataur Berserker on Mar 31, 2023.
             Was a High Priest of Trog.
             Slain by a yak (6 damage)
             ... while petrified by a basilisk
             ... on level 10 of the Dungeon.
             The game lasted 00:15:20 (10091 turns).

bearlyready the Cleaver (Armataur Berserker)       Turns: 10091, Time: 00:15:20

Health: -2/118     AC:  7    Str: 33    XL:     10   Next: 72%
Magic:  10/10      EV:  1    Int:  8    God:    Trog [*****.]
Gold:   521        SH:  0    Dex:  9    Spells: 9/9 levels left

rFire   . . .      SeeInvis .    B - +1 hand axe (holy)
rCold   . . .      Faith    .    (no shield)
rNeg    + + +      Spirit   .    W - +0 acid dragon scales
rPois   ∞          Reflect  .    v - +0 helmet
rElec   .          Roll     +    (no cloak)
rCorr   +                        (no gloves)
Will    .....                    (no barding) Stlth
                                 (no amulet)
HPRegen 0.39/turn                S - +6 ring of strength
MPRegen 0.12/turn                x - +5 ring of evasion

@: berserking, petrified, invisible
A: large, rugged brown scales 3, deformed body, armoured tail, roll, long
tongue, awkward tongue
a: Renounce Religion, Berserk, Trog's Hand, Brothers in Arms


You were on level 10 of the Dungeon.
You worshipped Trog.
Trog was extremely pleased with you.
You visited 1 branch of the dungeon, and saw 10 of its levels.
You also visited: Ossuary.

You collected 521 gold pieces.

Inventory:

Hand Weapons
 a - a +0 hand axe
 q - a +0 lajatang
 B - a +1 hand axe of holy wrath (weapon)
 V - a +0 war axe
 Y - a +0 battleaxe
Missiles
 h - 71 stones (quivered)
 E - 6 boomerangs
 G - 2 boomerangs of dispersal
 I - 12 poisoned darts
 K - 2 curare-tipped darts
Armour
 m - a +0 scale mail
 u - an orb of wrath
 v - a +0 helmet (worn)
 W - +0 acid dragon scales (worn)
Jewellery
 e - a ring of protection from fire
 l - a ring of protection from cold
 x - a +5 ring of evasion (right hand)
 A - a +6 ring of dexterity
 S - a +6 ring of strength (left hand)
Wands
 r - a wand of paralysis (23)
 y - a wand of iceblast (13)
 D - a wand of light (6)
 M - a wand of flame (6)
 P - a wand of mindburst (26)
Scrolls
 c - 7 scrolls of identify {unknown}
 f - 4 scrolls of immolation {unknown}
 g - 2 scrolls of amnesia {unknown}
 i - 6 scrolls of enchant armour {unknown}
 o - 3 scrolls of blinking {unknown}
 t - 4 scrolls of fear {unknown}
 w - 2 scrolls of noise {unknown}
 C - 4 scrolls of poison {unknown}
 F - 2 scrolls of fog {unknown}
 J - a scroll of magic mapping {unknown}
 L - 5 scrolls of teleportation {unknown}
 O - 2 scrolls of enchant weapon {unknown}
 R - a scroll of summoning {unknown}
 X - a scroll of vulnerability {unknown}
Potions
 d - 4 potions of haste
 j - 5 potions of degeneration {unknown}
 k - a potion of flight {unknown}
 n - 5 potions of curing
 p - 3 potions of brilliance {unknown}
 s - 3 potions of lignification {unknown}
 z - a potion of resistance {unknown}
 H - a potion of might {unknown}
 N - 3 potions of mutation {unknown}
 Q - 2 potions of magic {unknown}
 T - a potion of invisibility
 U - a potion of heal wounds {unknown}


   Skills:
 - Level 2.6 Fighting
 + Level 13.7 Axes
 - Level 2.4 Armour
 - Level 1.3 Dodging
 + Level 2.7 Evocations


You had 9 spell levels left.
You didn't know any spells.
Your spell library was empty.

Dungeon Overview and Level Annotations

Branches:
Dungeon (10/15)            Temple (0/1) D:5            Lair (0/5) D:9
    Orc (0/2) D:10        Ossuary (visited)

Altars:
Ashenzari

Shops:
D:5 =   D:9 =


Innate Abilities, Weirdness & Mutations

You are completely covered in rugged brown scales. (AC +3, +7% HP)
Armour fits poorly on your strangely shaped body.
You have a long armoured tail.
You roll when moving toward enemies. (Rampage)
Your long tongue fully drains potion bottles. (2x potion effects)
Your tongue gives you trouble enunciating. (1.5x scroll delay)


Message History

The orc warrior hits you from afar with a +0 glaive!
The yak gores you. x2; The warg bites you!
The orc hits you with a +2 heavy hand axe.
The orc warrior hits you from afar with a +0 glaive!
The gnoll throws a throwing net.
The throwing net hits the orc warrior.
The orc warrior is caught in the net!
The yak gores you! The yak gores you but does no damage. The yak gores you!
The orc priest mumbles some strange prayers to Beogh against you.
Beogh smites you!
* * * LOW HITPOINT WARNING * * *
The warg bites you!
* * * LOW HITPOINT WARNING * * *
The gnoll shouts!
The gnoll shouts!
The orc warrior struggles against the net.
The yak gores you!
* * * LOW HITPOINT WARNING * * *
The yak gores you!
* * * LOW HITPOINT WARNING * * *
The orc hits you but does no damage. The warg bites you but does no damage.
The gnoll shouts!
The warg bites you.
* * * LOW HITPOINT WARNING * * *
The orc warrior struggles against the net.
The orc hits you but does no damage. The yak gores you.
* * * LOW HITPOINT WARNING * * *
The yak gores you!
* * * LOW HITPOINT WARNING * * *
The warg bites you.
* * * LOW HITPOINT WARNING * * *
The gnoll shouts!
The orc warrior struggles against the net.
The yak gores you but does no damage. The orc hits you with a +0 club.
The orc hits you with a +0 hand axe.
* * * LOW HITPOINT WARNING * * *
The warg bites you!
* * * LOW HITPOINT WARNING * * *
The orc warrior struggles against the net.
The yak gores you!
You die...

..##... ...# .......
..... ......... .....
.........###.....
.g......g.........
#.g......ooo.......
#.......ooYho......
.......gggY@)...... ..
........gYoY†......
... #.................
...##.................
......................
.......##..........##.
.......##)...##....#
.............##......
............[........


You could see 4 yaks, a warg, an orc warrior (caught), a gnoll bouda (fast,
unable to see you), an orc priest (unable to see you), an orc wizard (unable to
see you), 4 gnolls and 4 orcs.

Vanquished Creatures
  A two-headed ogre (D:10)
  Joseph (D:10)
  2 trolls
  2 hornets
  A vampire (D:9)
  A yak (D:10)
  A basilisk (D:10)
  Menkaure (Ossuary)
  2 acid dragons
  An orc warrior (D:5)
  A sky beast (D:6)
  A black bear (D:8)
  4 ice beasts
  2 ogres
  4 centaurs
  A phantom (D:6)
  2 kobold brigands
  5 bullfrogs
  A gnoll sergeant (D:7)
  5 scorpions
  4 wights (D:9)
  21 killer bees
  2 howler monkeys
  4 hounds
  4 orc priests
  A jelly (D:5)
  A gnoll bouda (D:4)
  A sleepcap (D:6)
  Terence (D:2)
  An iguana (D:5)
  Ijyb (D:5)
  5 orc wizards
  3 mummies (Ossuary)
  15 gnolls
  9 adders
  3 shadow imps
  A white imp (D:5)
  An ufetubus (D:5)
  3 dart slugs
  A worm (D:2)
  25 orcs
  8 ball pythons
  A bat (D:3)
  10 endoplasms
  2 giant cockroaches
  15 goblins
  11 hobgoblins
  10 jackals
  10 quokkas
  3 frilled lizards
  5 gnoll skeletons (Ossuary)
  4 gnoll zombies (Ossuary)
  4 goblin skeletons (Ossuary)
  4 goblin zombies (Ossuary)
  4 hobgoblin skeletons (Ossuary)
  7 hobgoblin zombies (Ossuary)
  17 kobolds
  5 kobold skeletons (Ossuary)
  A kobold zombie (Ossuary)
  2 orc skeletons (Ossuary)
  8 orc zombies (Ossuary)
  3 rats
  5 rat skeletons (Ossuary)
  A rat zombie (Ossuary)
286 creatures vanquished.

Vanquished Creatures (others)
  A goblin (D:10)
  2 plants (D:2)
3 creatures vanquished.

Grand Total: 289 creatures vanquished

Notes
Turn   | Place    | Note
-------+----------+-------------------------------------------
     0 | D:1      | bearlyready the Armataur Berserker began the quest for the
                  | Orb.
     0 | D:1      | Reached XP level 1. HP: 19/19 MP: 1/1
   168 | D:1      | Reached skill level 3 in Axes
   168 | D:1      | Reached XP level 2. HP: 26/26 MP: 2/2
   413 | D:1      | Reached XP level 3. HP: 27/32 MP: 3/3
   489 | D:1      | Reached ** piety under Trog
  1065 | D:2      | Noticed Terence
  1076 | D:2      | Killed Terence
  1077 | D:2      | Reached skill level 4 in Axes
  1077 | D:2      | Reached XP level 4. HP: 35/39 MP: 4/4
  1580 | D:2      | Found a faded altar of an unknown god.
  1930 | D:3      | Reached XP level 5. HP: 44/44 MP: 5/5
  2387 | D:4      | Reached skill level 5 in Axes
  2389 | D:4      | Reached *** piety under Trog
  2670 | D:4      | Reached XP level 6. HP: 33/53 MP: 6/6
  2970 | D:4      | Reached skill level 6 in Axes
  3309 | D:5      | Entered Level 5 of the Dungeon
  3494 | D:5      | Reached XP level 7. HP: 54/59 MP: 7/7
  3588 | D:5      | Reached skill level 7 in Axes
  3861 | D:5      | Found a staircase to the Ecumenical Temple.
  4082 | D:5      | Reached skill level 8 in Axes
  4182 | D:5      | Found Josupp's Jewellery Shop.
  4361 | D:5      | Noticed Ijyb
  4379 | D:5      | Killed Ijyb
  4379 | D:5      | Reached **** piety under Trog
  4387 | D:5      | Reached XP level 8. HP: 50/66 MP: 8/8
  4914 | D:6      | Reached skill level 9 in Axes
  5542 | D:6      | Reached skill level 10 in Axes
  5651 | D:7      | Found a sand-covered staircase.
  5656 | Ossuary  | Entered an ossuary
  5782 | Ossuary  | Reached ***** piety under Trog
  5889 | Ossuary  | Noticed Menkaure
  5908 | Ossuary  | Killed Menkaure
  5909 | Ossuary  | Reached XP level 9. HP: 39/72 MP: 9/9
  6565 | D:7      | Reached skill level 11 in Axes
  7301 | D:8      | Paralysed by a hornet for 3 turns
  7443 | D:8      | Reached skill level 12 in Axes
  8305 | D:9      | Reached XP level 10. HP: 42/79 MP: 10/10
  8309 | D:9      | Upgraded the game from 0.30-a0-965-g42e074c17a to
                  | 0.30-a0-972-gf3ab3527aa
  8605 | D:9      | Found Ononanoi's One-of-a-Kind Rings.
  9181 | D:9      | Found a broken altar of Ashenzari.
  9399 | D:9      | Reached skill level 13 in Axes
  9429 | D:9      | Found a staircase to the Lair.
  9808 | D:10     | Entered Level 10 of the Dungeon
  9825 | D:10     | Noticed a two-headed ogre
  9835 | D:10     | Killed a two-headed ogre
 10056 | D:10     | Noticed Joseph
 10066 | D:10     | Killed Joseph
 10067 | D:10     | Reached skill level 1 in Evocations
 10073 | D:10     | Found a staircase to the Orcish Mines.
 10090 | D:10     | HP: 4/118 [warg (4)]
 10091 | D:10     | Slain by a yak

Illustrated notes

Levels and vault maps discovered:
D:1:      lemuel_arrival_room, layout_basic, minmay_misc_feat_five
D:2:      layout_basic, shapermc_ecumenical_altar_mp_urbaneastern, uniq_terence
D:3:      layout_basic, st_stairs_13
D:4:      layout_basic
D:5:      layout_loops_ring, minmay_temple_entry_arrows, serial_shops,
          nicolae_square_shop, guppyfry_early_orc_mine, uniq_ijyb
D:6:      layout_basic
D:7:      layout_loops_cross, enter_ossuary_2
D:8:      layout_cave_pods
D:9:      layout_loops_corners, lemuel_tele_altar, lair_entry_dummy,
          nicolae_shop_unique_rings
D:10:     layout_basic, erik_orc_4, minivault_23, minmay_evil_grid, uniq_joseph

Skill      XL: |  1  2  3  4  5  6  7  8  9 10 |
---------------+-------------------------------+-----
Axes           | 3 4 5 6 8 10 12 13 | 13.7
Evocations     | 2 |  2.7
Fighting       | |  2.6
Armour         | |  2.4
Dodging        | |  1.3

Action                     |  1- 3 |  4- 6 |  7- 9 | 10-12 || total
---------------------------+-------+-------+-------+-------++-------
  Melee: Hand axe          |    91 |   215 |   449 |   112 ||   867
         Tailslap          |    13 |    19 |    57 |    16 ||   105
         Punch             |     1 |     3 |     2 |       ||     6
  Throw: Throwing net      |       |       |     2 |     1 ||     3
 Invoke: Berserk           |     1 |     4 |     5 |     3 ||    13
  Evoke: Wand              |       |       |    11 |     1 ||    12
    Use: Potion            |       |       |     1 |     1 ||     2
   Stab: Invisible         |       |       |       |     8 ||     8
         Held in net/web   |       |       |       |     1 ||     1
 Armour: Animal skin       |    21 |       |       |       ||    21
         Leather armour    |     2 |       |       |       ||     2
         Scale mail        |       |    95 |   105 |    10 ||   210
         Acid dragon scale |       |       |       |    21 ||    21
  Dodge: Dodged            |    45 |    89 |   196 |    90 ||   420

Table legend: (Time is in decaauts)
 A = Elapsed time spent in this place.
 B = Non-inter-level travel time spent in this place.
 C = Inter-level travel time spent in this place.
 D = Time resting spent in this place.
 E = Time spent auto-exploring this place.
 F = Levels seen in this place.
 G = Mean time per level.
                   A        B        C        D        E       F      G
               +--------+--------+--------+--------+--------+-----+--------+
         Total |  10068 |   9754 |    314 |    262 |   7969 |  11 |  915.3 |
       Dungeon |   9645 |   9331 |    314 |    223 |   7720 |  10 |  964.5 |
       Ossuary |    423 |    423 |      0 |     38 |    249 |   1 |  423.0 |
               +--------+--------+--------+--------+--------+-----+--------+

Top non-repeatable levels by time:
     D:9: 1531 daAuts
     D:5: 1356 daAuts
     D:8: 1260 daAuts
     D:1: 1027 daAuts
     D:7: 956 daAuts
     D:4: 945 daAuts
     D:6: 903 daAuts
     D:3: 763 daAuts
     D:2: 633 daAuts
 Ossuary: 423 daAuts
    D:10: 266 daAuts
